Sasquatch vs Staline
Created - 18 janvier 2017 at 23:45
Goals
|
| Sasquatch |
1 |
1 |
2 |
0 |
1 |
5 |
| Staline |
2 |
1 |
1 |
0 |
0 |
4 |
|
Shots
|
| Sasquatch |
10 |
7 |
10 |
1 |
5 |
28 |
| Staline |
8 |
17 |
12 |
0 |
5 |
37 |
|
1st period
1. Staline , Brandon Mashinter 3 (Philip Larsen) at 2:31
2. Sasquatch , Lars Eller 21 (Garnet Hathaway) at 10:31
3. Staline , David Desharnais 19 (Matt Pettinger, Mark Fraser) at 18:33
Penalties :
Matt Pettinger (StJ) for Hooking (Minor) at 6:51, Jason Akeson (Gat) for High sticking (Minor) at 11:50
2nd period
4. Sasquatch , Andy Andreoff 1 (Garnet Hathaway, Lars Eller) at 4:45
5. Staline , David Desharnais 20 (Jiri Tlusty, Matt Pettinger) at 6:49
Penalties :
Nick Leddy (Gat) for Hooking (Minor) at 14:18
3rd period
6. Sasquatch , Jason Akeson 15 (Linus Omark, Lars Eller) at 4:04 (PP)
7. Staline , Matt Pettinger 21 (David Desharnais, Keith Yandle) at 6:53 (PP)
8. Sasquatch , Linus Omark 32 (Nick Leddy, Josh Bailey) at 11:56
Penalties :
Philip Larsen (StJ) for Hooking (Minor) at 3:52, Teemu Hartikainen (Gat) for Roughing (Minor) at 6:13, Nick Leddy (Gat) for Slashing (Double Minor) at 13:32
Overtime #1
No Goal
Penalties :
No Penalty
Shootout
Penalty Shot by Linus Omark for Sasquatch - Stopped by Allen York
Penalty Shot by Matt Pettinger for Staline - Stopped by Corey Crawford
Penalty Shot by Lars Eller for Sasquatch - Stopped by Allen York
Penalty Shot by Jiri Tlusty for Staline - Stopped by Corey Crawford
Penalty Shot by Jason Akeson for Sasquatch - Stopped by Allen York
Penalty Shot by Nick Spaling for Staline - Stopped by Corey Crawford
Penalty Shot by Ryan Strome for Sasquatch - Stopped by Allen York
Penalty Shot by David Desharnais for Staline - Shot Misses the Net
Penalty Shot by James Wisniewski for Sasquatch - Goal!
Penalty Shot by Cody Eakin for Staline - Stopped by Corey Crawford
Penalties :
No Penalty
Goalie Stats
Corey Crawford (Gat), 33 saves from 37 shots - (0,892), W, 13-3-1, 65:00 minutes
Allen York (StJ), 24 saves from 28 shots - (0,857), OTL, 15-11-4, 65:00 minutes
Players Stats for Sasquatch
Player Name G A P +/- PIM S H SB GA TA FO MP PP MP PK MP
------------------------------------------------------------------------------------
Andrej Sustr 0 0 0 2 0 1 0 0 0 0 0/0 26:49 0:00 4:35
Andy Andreoff 1 0 1 2 0 1 2 0 0 1 0/0 20:13 0:00 1:54
Brock Trotter 0 0 0 0 0 1 0 0 0 0 0/1 8:09 0:47 2:24
Drew Shore 0 0 0 0 0 0 0 1 1 0 5/10 13:31 0:00 4:31
Garnet Hathaway 0 2 2 2 0 2 1 0 0 0 0/0 13:01 0:00 0:10
James Wisniewski 0 0 0 -1 0 1 1 3 0 0 0/0 20:48 0:51 3:52
Jason Akeson 1 0 1 -1 2 3 1 2 0 0 0/0 19:37 1:24 0:00
Jesper Fast 0 0 0 0 0 0 0 0 0 0 0/0 7:07 0:00 0:00
Jonathan Blum 0 0 0 0 0 0 2 4 0 2 0/0 25:35 1:20 4:35
Josh Bailey 0 1 1 -1 0 1 3 1 1 0 12/29 19:56 0:00 0:00
Kevin Connauton 0 0 0 -2 0 1 1 2 0 0 0/0 14:51 0:00 3:41
Lars Eller 1 2 3 2 0 3 1 0 2 0 8/14 16:26 1:24 2:12
Linus Omark 1 1 2 -1 0 3 2 1 1 0 1/2 23:16 1:24 2:12
Nick Leddy 0 1 1 3 6 5 4 4 1 1 0/0 26:02 1:20 0:00
Ryan Strome 0 0 0 -1 0 0 0 0 0 0 0/0 11:33 0:47 0:00
Stephane Da Costa 0 0 0 -1 0 4 2 0 2 0 2/5 12:45 0:47 0:10
Teemu Hartikainen 0 0 0 -1 2 1 2 1 0 0 0/1 15:52 0:00 3:51
Yannick Weber 0 0 0 -2 0 1 0 2 0 0 0/0 15:48 0:51 0:21
Players Stats for Staline
Player Name G A P +/- PIM S H SB GA TA FO MP PP MP PK MP
------------------------------------------------------------------------------------
Brandon Burlon 0 0 0 0 0 0 1 0 0 1 0/0 12:29 0:33 0:00
Brandon Mashinter 1 0 1 0 0 1 0 0 0 0 2/3 7:03 0:21 0:00
Bryan Bickell 0 0 0 0 0 2 1 0 1 0 0/3 9:24 0:21 1:18
Cody Eakin 0 0 0 -1 0 5 1 1 0 0 5/10 18:14 3:02 0:37
Corey Trivino 0 0 0 0 0 1 0 1 0 0 2/3 13:18 0:37 0:00
Danny Kristo 0 0 0 0 0 0 1 1 0 0 0/0 10:57 0:00 0:00
David Desharnais 2 1 3 1 0 5 1 0 0 0 19/34 22:44 4:37 0:25
James Sheppard 0 0 0 0 0 1 1 0 0 1 0/0 13:26 0:37 0:00
Jiri Tlusty 0 1 1 1 0 2 0 0 0 0 0/1 24:25 4:37 1:25
Jordan Caron 0 0 0 -1 0 3 2 1 0 0 2/3 17:43 3:02 0:00
Keith Yandle 0 1 1 1 0 5 2 3 2 4 0/0 30:02 4:58 1:32
Mark Fraser 0 1 1 -1 0 0 1 2 0 0 0/0 22:36 3:06 0:39
Mark Stone 0 0 0 0 0 2 0 0 0 0 0/0 7:40 0:58 0:00
Matt Pettinger 1 2 3 1 2 3 2 0 0 0 2/3 23:19 4:37 0:12
Mike Reilly 0 0 0 0 0 0 2 1 0 0 0/0 12:20 0:33 0:00
Nick Spaling 0 0 0 -1 0 5 4 1 1 1 2/2 19:35 3:02 0:25
Philip Larsen 0 1 1 -1 2 1 1 1 0 0 0/0 22:23 3:06 0:39
Stu Bickel 0 0 0 1 0 1 1 3 0 1 0/0 30:09 4:58 1:32
3 Stars
1 - David Desharnais (StJ)
2 - Lars Eller (Gat)
3 - Matt Pettinger (StJ)
Power Play
Sasquatch - 1 on 2 Attempt(s) - 50,00%
Staline - 1 on 5 Attempt(s) - 20,00%
Penalty Kill
Sasquatch - 4 on 5 Attempt(s) - 80,00%
- Score 0 goal in Penalty Kill
Staline - 1 on 2 Attempt(s) - 50,00%
- Score 0 goal in Penalty Kill
Team Stat
Sasquatch - Hits : 22 - Faceoff Wins : 28 - Blocked Shots : 21 - Penalty Minutes : 10
Staline - Hits : 21 - Faceoff Wins : 34 - Blocked Shots : 15 - Penalty Minutes : 4
Official
Referees : Hebert Ghislain and Banfield David
Linesman : Tony Sericolo and Pierre Champoux
Game Notes
No Game Note
Finance
Level 1 -- Attendance: 1606 (80,30%) -- Ticket Income 56 210 $
Level 2 -- Attendance: 728 (72,80%) -- Ticket Income 10 920 $
Total Attendance: 2334 (77,80%)
Total Ticket Income: 67 130 $
Other Income: 3 356 $
Total Income: 70 486 $
Sasquatch
5 vs 5 Forward
Center Left Wing Right Wing Time % Phy DF OF
1 Josh Bailey Linus Omark Jason Akeson 40 1 2 2
2 Lars Eller Andy Andreoff Garnet Hathaway 30 1 2 2
3 Stephane Da Costa Teemu Hartikainen Ryan Strome 20 1 2 2
4 Drew Shore Andy Andreoff Jesper Fast 10 1 2 2
5 vs 5 Defense
Defense Defense Time % Phy DF OF
1 Nick Leddy Andrej Sustr 40 1 2 2
2 James Wisniewski Jonathan Blum 30 1 2 2
3 Kevin Connauton Yannick Weber 20 1 2 2
4 Jonathan Blum Nick Leddy 10 1 2 2
PowerPlay Forward
Center Left Wing Right Wing Time % Phy DF OF
1 Lars Eller Linus Omark Jason Akeson 60 1 2 2
2 Stephane Da Costa Brock Trotter Ryan Strome 40 1 2 2
PowerPlay Defense
Defense Defense Time % Phy DF OF
1 Nick Leddy Jonathan Blum 60 1 2 2
2 Yannick Weber James Wisniewski 40 1 2 2
Penalty Kill 4 Players Forward
Center Wing Time % Phy DF OF
1 Drew Shore Teemu Hartikainen 60 1 2 2
2 Lars Eller Linus Omark 40 1 2 2
Penalty Kill 4 Players Defense
Defense Defense Time % Phy DF OF
1 Jonathan Blum Andrej Sustr 60 1 2 2
2 James Wisniewski Kevin Connauton 40 1 2 2
Penalty Kill - 3 Players Forward
Forward Time % Phy DF OF
1 Lars Eller 60 1 2 2
2 Drew Shore 40 1 2 2
Penalty Kill - 3 Players Defense
Defense Defense Time % Phy DF OF
1 Kevin Connauton Andrej Sustr 60 1 2 2
2 James Wisniewski Jonathan Blum 40 1 2 2
4 vs 4 Forward
Center Wing Time % Phy DF OF
1 Josh Bailey Brock Trotter 60 1 2 2
2 Stephane Da Costa Linus Omark 40 1 2 2
4 vs 4 Defense
Defense Defense Time % Phy DF OF
1 Andrej Sustr Nick Leddy 60 1 2 2
2 Yannick Weber Jonathan Blum 40 1 2 2
Last Minutes Offensive
Center Left Wing Right Wing Defense Defense
Stephane Da Costa Linus Omark Jason Akeson Nick Leddy Jonathan Blum
Last Minutes Defensive
Center Left Wing Right Wing Defense Defense
Drew Shore Linus Omark Garnet Hathaway James Wisniewski Andrej Sustr
Goaltenders
Starting : Corey Crawford
Backup : Jake Allen
Extra Forwards
Normal : Teemu Hartikainen, Drew Shore, Brock Trotter - PP : Josh Bailey, Linus Omark - PK : Brock Trotter
Extra Defensemen
Normal : Jonathan Blum, Yannick Weber, James Wisniewski - PP : Andrej Sustr - PK : Nick Leddy, Yannick Weber
Penalty Shots
Linus Omark, Lars Eller, Jason Akeson, Ryan Strome, James Wisniewski
Staline
5 vs 5 Forward
Center Left Wing Right Wing Time % Phy DF OF
1 David Desharnais Matt Pettinger Jiri Tlusty 40 1 2 2
2 Cody Eakin Nick Spaling Jordan Caron 30 1 2 2
3 Corey Trivino James Sheppard Danny Kristo 20 1 2 2
4 Brandon Mashinter Bryan Bickell Mark Stone 10 1 2 2
5 vs 5 Defense
Defense Defense Time % Phy DF OF
1 Stu Bickel Keith Yandle 40 1 2 2
2 Mark Fraser Philip Larsen 30 1 2 2
3 Brandon Burlon Mike Reilly 20 1 2 2
4 Stu Bickel Keith Yandle 10 1 2 2
PowerPlay Forward
Center Left Wing Right Wing Time % Phy DF OF
1 David Desharnais Matt Pettinger Jiri Tlusty 60 1 2 2
2 Cody Eakin Nick Spaling Jordan Caron 40 1 2 2
PowerPlay Defense
Defense Defense Time % Phy DF OF
1 Stu Bickel Keith Yandle 60 1 2 2
2 Mark Fraser Philip Larsen 40 1 2 2
Penalty Kill 4 Players Forward
Center Wing Time % Phy DF OF
1 Matt Pettinger Jiri Tlusty 60 1 2 2
2 Nick Spaling David Desharnais 40 1 2 2
Penalty Kill 4 Players Defense
Defense Defense Time % Phy DF OF
1 Stu Bickel Keith Yandle 60 1 2 2
2 Mark Fraser Philip Larsen 40 1 2 2
Penalty Kill - 3 Players Forward
Forward Time % Phy DF OF
1 Matt Pettinger 60 1 2 2
2 Jiri Tlusty 40 1 2 2
Penalty Kill - 3 Players Defense
Defense Defense Time % Phy DF OF
1 Stu Bickel Keith Yandle 60 1 2 2
2 Mark Fraser Philip Larsen 40 1 2 2
4 vs 4 Forward
Center Wing Time % Phy DF OF
1 Matt Pettinger Jiri Tlusty 60 1 2 2
2 Nick Spaling David Desharnais 40 1 2 2
4 vs 4 Defense
Defense Defense Time % Phy DF OF
1 Stu Bickel Keith Yandle 60 1 2 2
2 Mark Fraser Philip Larsen 40 1 2 2
Last Minutes Offensive
Center Left Wing Right Wing Defense Defense
David Desharnais Matt Pettinger Jiri Tlusty Stu Bickel Keith Yandle
Last Minutes Defensive
Center Left Wing Right Wing Defense Defense
David Desharnais Matt Pettinger Jiri Tlusty Stu Bickel Keith Yandle
Goaltenders
Starting : Allen York
Backup : Joni Ortio
Extra Forwards
Normal : James Sheppard, Corey Trivino, Bryan Bickell - PP : James Sheppard, Corey Trivino - PK : Bryan Bickell
Extra Defensemen
Normal : Brandon Burlon, Mike Reilly, Mark Fraser - PP : Brandon Burlon - PK : Mike Reilly, Mark Fraser
Penalty Shots
Matt Pettinger, Jiri Tlusty, Nick Spaling, David Desharnais, Cody Eakin
% Time on Ice - Sasquatch
Lines # - Real PCT - Wanted PCT - Time Play
Normal Forward
1 - 38% - 40% - 18:50
2 - 26% - 30% - 12:41
3 - 21% - 20% - 10:34
4 - 14% - 10% - 7:07
Normal Defense
1 - 40% - 40% - 19:51
2 - 30% - 30% - 14:44
3 - 24% - 20% - 11:37
4 - 6% - 10% - 3:00
PP Forward
1 - 64% - 60% - 1:24
2 - 36% - 40% - 0:47
PP Defense
1 - 61% - 60% - 1:20
2 - 39% - 40% - 0:51
PK Forward
1 - 74% - 60% - 6:25
2 - 26% - 40% - 2:12
PK Defense
1 - 57% - 60% - 4:56
2 - 43% - 40% - 3:41
PK3 Forward
1 - 0% - 60%
2 - 0% - 40%
PK3 Defense
1 - 0% - 60%
2 - 0% - 40%
44 Forward
1 - 75% - 60% - 3:46
2 - 25% - 40% - 1:14
44 Defense
1 - 66% - 60% - 3:19
2 - 34% - 40% - 1:41
Last Minute Offensive - 0:00
Last Minute Defensive - 0:00
Total
Forward - 65:00
Defense - 65:00
|
% Time on Ice - Staline
Lines # - Real PCT - Wanted PCT - Time Play
Normal Forward
1 - 34% - 40% - 16:44
2 - 30% - 30% - 14:49
3 - 22% - 20% - 10:57
4 - 14% - 10% - 6:42
Normal Defense
1 - 39% - 40% - 19:01
2 - 34% - 30% - 16:40
3 - 23% - 20% - 11:16
4 - 5% - 10% - 2:15
PP Forward
1 - 65% - 60% - 5:35
2 - 35% - 40% - 3:02
PP Defense
1 - 58% - 60% - 4:58
2 - 42% - 40% - 3:39
PK Forward
1 - 81% - 60% - 1:46
2 - 19% - 40% - 0:25
PK Defense
1 - 70% - 60% - 1:32
2 - 30% - 40% - 0:39
PK3 Forward
1 - 0% - 60%
2 - 0% - 40%
PK3 Defense
1 - 0% - 60%
2 - 0% - 40%
44 Forward
1 - 78% - 60% - 3:53
2 - 22% - 40% - 1:07
44 Defense
1 - 60% - 60% - 3:01
2 - 40% - 40% - 1:59
Last Minute Offensive - 0:00
Last Minute Defensive - 0:00
Total
Forward - 65:00
Defense - 65:00
|
Play by Play
1st period
0:01 of 1st period - Josh Bailey wins face-off versus David Desharnais in neutral zone.
0:26 of 1st period - Lars Eller is hit by Keith Yandle and loses puck.
0:58 of 1st period - Snap shot by Stephane Da Costa.
0:58 of 1st period - Shot Blocked by Mark Fraser.
1:00 of 1st period - Slapshot by Nick Leddy.
1:00 of 1st period - Deflect By Teemu Hartikainen.
1:00 of 1st period - Shot Misses the Net.
1:00 of 1st period - Puck is out of play.
1:01 of 1st period - Josh Bailey wins face-off versus Brandon Mashinter in Staline zone.
1:28 of 1st period - James Wisniewski is hit by Matt Pettinger.
2:13 of 1st period - Snap shot by Jason Akeson.
2:13 of 1st period - Shot Blocked by Corey Trivino.
2:19 of 1st period - Wrist shot by James Sheppard.
2:19 of 1st period - Shot Blocked by Jason Akeson.
2:31 of 1st period - Snap shot by Brandon Mashinter.
2:31 of 1st period - Goal by Brandon Mashinter - Sasquatch : 0 - Staline : 1.
2:32 of 1st period - Lars Eller wins face-off versus David Desharnais in neutral zone.
2:41 of 1st period - Slapshot by Garnet Hathaway.
2:41 of 1st period - Stopped by Allen York with a rebound.
3:02 of 1st period - Stu Bickel is hit by Lars Eller and loses puck.
3:19 of 1st period - Snap shot by Lars Eller.
3:19 of 1st period - Shot Hit the Post.
3:25 of 1st period - Wrist shot by Lars Eller.
3:25 of 1st period - Shot Blocked by Stu Bickel.
3:27 of 1st period - Snap shot by Lars Eller.
3:27 of 1st period - Shot Misses the Net.
3:33 of 1st period - Backhand shot by Nick Leddy.
3:33 of 1st period - Shot Misses the Net.
3:37 of 1st period - Backhand shot by Lars Eller.
3:37 of 1st period - Shot Blocked by Stu Bickel.
3:39 of 1st period - Slapshot by Nick Leddy.
3:39 of 1st period - Shot Misses the Net.
3:55 of 1st period - Slapshot by Nick Leddy.
3:55 of 1st period - Shot Blocked by Stu Bickel.
3:57 of 1st period - Snap shot by Garnet Hathaway.
3:57 of 1st period - Shot Blocked by Danny Kristo.
4:01 of 1st period - Backhand shot by Garnet Hathaway.
4:01 of 1st period - Stopped by Allen York without a rebound.
4:02 of 1st period - David Desharnais wins face-off versus Josh Bailey in Staline zone.
5:26 of 1st period - Wrist shot by Brock Trotter.
5:26 of 1st period - Shot Blocked by Mike Reilly.
5:28 of 1st period - Slapshot by Jonathan Blum.
5:28 of 1st period - Shot Misses the Net.
5:30 of 1st period - Snap shot by James Wisniewski.
5:30 of 1st period - Stopped by Allen York with a rebound.
5:49 of 1st period - Snap shot by Cody Eakin.
5:49 of 1st period - Shot Blocked by James Wisniewski.
6:07 of 1st period - Jonathan Blum is hit by Nick Spaling and loses puck.
6:19 of 1st period - Snap shot by Brock Trotter.
6:19 of 1st period - Stopped by Allen York with a rebound.
6:21 of 1st period - Snap shot by Jesper Fast.
6:21 of 1st period - Shot Misses the Net.
6:29 of 1st period - Slapshot by Cody Eakin.
6:29 of 1st period - Deflect By Jonathan Blum.
6:29 of 1st period - Shot Misses the Net.
6:29 of 1st period - Puck is out of play.
6:30 of 1st period - David Desharnais wins face-off versus Josh Bailey in Sasquatch zone.
6:37 of 1st period - Slapshot by David Desharnais.
6:37 of 1st period - Shot Misses the Net.
6:51 of 1st period - Minor Penalty to Matt Pettinger for Hooking.
6:52 of 1st period - Lars Eller wins face-off versus Bryan Bickell in Staline zone.
7:03 of 1st period - Snap shot by Jason Akeson.
7:03 of 1st period - Stopped by Allen York without a rebound.
7:04 of 1st period - Lars Eller wins face-off versus Bryan Bickell in Staline zone.
7:37 of 1st period - Slapshot by Brock Trotter.
7:37 of 1st period - Deflect By Stephane Da Costa.
7:37 of 1st period - Shot Blocked by Philip Larsen.
7:37 of 1st period - Puck is out of play.
7:38 of 1st period - Stephane Da Costa wins face-off versus Bryan Bickell in Staline zone.
8:33 of 1st period - Keith Yandle is hit by Jonathan Blum and loses puck.
8:46 of 1st period - Wrist shot by Cody Eakin.
8:46 of 1st period - Stopped by Corey Crawford without a rebound.
8:47 of 1st period - Nick Spaling wins face-off versus Lars Eller in Sasquatch zone.
8:51 of 1st period - Penalty to Matt Pettinger is over, Matt Pettinger is back on ice.
8:52 of 1st period - Snap shot by Nick Spaling.
8:52 of 1st period - Shot Misses the Net.
9:08 of 1st period - Drew Shore is hit by Brandon Burlon.
9:17 of 1st period - Slapshot by Keith Yandle.
9:17 of 1st period - Stopped by Corey Crawford with a rebound.
9:31 of 1st period - James Wisniewski is hit by Philip Larsen and loses puck.
9:40 of 1st period - Wrist shot by Cody Eakin.
9:40 of 1st period - Stopped by Corey Crawford without a rebound.
9:41 of 1st period - Josh Bailey wins face-off versus David Desharnais in Sasquatch zone.
9:48 of 1st period - Brandon Burlon is hit by Josh Bailey and loses puck.
10:31 of 1st period - Snap shot by Lars Eller.
10:31 of 1st period - Goal by Lars Eller - Sasquatch : 1 - Staline : 1.
10:32 of 1st period - Matt Pettinger wins face-off versus Josh Bailey in neutral zone.
10:47 of 1st period - Backhand shot by Jiri Tlusty.
10:47 of 1st period - Deflect By Matt Pettinger.
10:47 of 1st period - Shot Blocked by Nick Leddy.
10:47 of 1st period - Puck is out of play.
10:48 of 1st period - David Desharnais wins face-off versus Lars Eller in Sasquatch zone.
11:11 of 1st period - Slapshot by Nick Leddy.
11:11 of 1st period - Stopped by Allen York without a rebound.
11:12 of 1st period - Cody Eakin wins face-off versus Josh Bailey in Staline zone.
11:12 of 1st period - Cody Eakin is hit by Linus Omark.
11:18 of 1st period - Linus Omark is hit by Jordan Caron and loses puck.
11:47 of 1st period - Snap shot by David Desharnais.
11:47 of 1st period - Stopped by Corey Crawford without a rebound.
11:48 of 1st period - Josh Bailey wins face-off versus David Desharnais in Sasquatch zone.
11:50 of 1st period - Minor Penalty to Jason Akeson for High sticking.
11:51 of 1st period - David Desharnais wins face-off versus Drew Shore in Sasquatch zone.
13:50 of 1st period - Penalty to Jason Akeson is over, Jason Akeson is back on ice.
15:38 of 1st period - James Wisniewski is hit by Jordan Caron and loses puck.
15:57 of 1st period - Slapshot by Jonathan Blum.
15:57 of 1st period - Shot Misses the Net.
16:15 of 1st period - Brandon Burlon is hit by Andy Andreoff and loses puck.
16:28 of 1st period - Slapshot by Mark Stone.
16:28 of 1st period - Shot Blocked by Drew Shore.
16:34 of 1st period - Brandon Burlon is hit by Nick Leddy and loses puck.
17:02 of 1st period - Stu Bickel is hit by Josh Bailey.
17:38 of 1st period - Slapshot by Nick Leddy.
17:38 of 1st period - Stopped by Allen York with a rebound.
18:03 of 1st period - Snap shot by Josh Bailey.
18:03 of 1st period - Shot Misses the Net.
18:05 of 1st period - Snap shot by Linus Omark.
18:05 of 1st period - Shot Misses the Net.
18:07 of 1st period - Slapshot by Josh Bailey.
18:07 of 1st period - Shot Misses the Net.
18:17 of 1st period - Slapshot by Keith Yandle.
18:17 of 1st period - Stopped by Corey Crawford without a rebound.
18:18 of 1st period - David Desharnais wins face-off versus Lars Eller in Sasquatch zone.
18:21 of 1st period - Wrist shot by Jiri Tlusty.
18:21 of 1st period - Stopped by Corey Crawford without a rebound.
18:22 of 1st period - David Desharnais wins face-off versus Josh Bailey in Sasquatch zone.
18:33 of 1st period - Snap shot by David Desharnais.
18:33 of 1st period - Goal by David Desharnais - Sasquatch : 1 - Staline : 2.
18:34 of 1st period - Josh Bailey wins face-off versus David Desharnais in neutral zone.
19:22 of 1st period - Wrist shot by Lars Eller.
19:22 of 1st period - Stopped by Allen York without a rebound.
19:23 of 1st period - Corey Trivino wins face-off versus Stephane Da Costa in Staline zone.
19:36 of 1st period - Slapshot by Teemu Hartikainen.
19:36 of 1st period - Stopped by Allen York with a rebound.
Goals for this period are 1 for Sasquatch vs 2 for Staline.
Shots for this period are 10 for Sasquatch vs 8 for Staline.
2nd period
0:01 of 2nd period - David Desharnais wins face-off versus Josh Bailey in neutral zone.
0:12 of 2nd period - Jiri Tlusty is hit by Linus Omark and loses puck.
0:25 of 2nd period - Stu Bickel is hit by Andy Andreoff and loses puck.
0:30 of 2nd period - Snap shot by Garnet Hathaway.
0:30 of 2nd period - Shot Blocked by Cody Eakin.
0:32 of 2nd period - Slapshot by Lars Eller.
0:32 of 2nd period - Shot Blocked by Keith Yandle.
0:46 of 2nd period - Wrist shot by Teemu Hartikainen.
0:46 of 2nd period - Shot Misses the Net.
0:48 of 2nd period - Wrist shot by Stephane Da Costa.
0:48 of 2nd period - Shot Misses the Net.
0:50 of 2nd period - Slapshot by Ryan Strome.
0:50 of 2nd period - Deflect By Stephane Da Costa.
0:50 of 2nd period - Stopped by Allen York without a rebound.
0:51 of 2nd period - David Desharnais wins face-off versus Stephane Da Costa in Staline zone.
1:06 of 2nd period - Snap shot by Stephane Da Costa.
1:06 of 2nd period - Stopped by Allen York without a rebound.
1:07 of 2nd period - Josh Bailey wins face-off versus Cody Eakin in Staline zone.
1:32 of 2nd period - Mark Fraser is hit by Nick Leddy and loses puck.
2:13 of 2nd period - Stu Bickel is hit by Jonathan Blum and loses puck.
2:18 of 2nd period - Slapshot by Drew Shore.
2:18 of 2nd period - Shot Misses the Net.
2:58 of 2nd period - Slapshot by Nick Leddy.
2:58 of 2nd period - Stopped by Allen York with a rebound.
3:10 of 2nd period - Jonathan Blum is hit by Matt Pettinger and loses puck.
3:29 of 2nd period - Snap shot by Cody Eakin.
3:29 of 2nd period - Shot Misses the Net.
3:31 of 2nd period - Wrist shot by Cody Eakin.
3:31 of 2nd period - Stopped by Corey Crawford without a rebound.
3:32 of 2nd period - Cody Eakin wins face-off versus Josh Bailey in Sasquatch zone.
3:39 of 2nd period - Snap shot by Cody Eakin.
3:39 of 2nd period - Stopped by Corey Crawford with a rebound.
3:41 of 2nd period - Slapshot by Nick Spaling.
3:41 of 2nd period - Stopped by Corey Crawford with a rebound.
3:43 of 2nd period - Slapshot by Mark Fraser.
3:43 of 2nd period - Shot Blocked by Jason Akeson.
3:45 of 2nd period - Snap shot by Mark Fraser.
3:45 of 2nd period - Deflect By Nick Spaling.
3:45 of 2nd period - Stopped by Corey Crawford with a rebound.
4:01 of 2nd period - Wrist shot by Cody Eakin.
4:01 of 2nd period - Stopped by Corey Crawford with a rebound.
4:28 of 2nd period - Wrist shot by Josh Bailey.
4:28 of 2nd period - Shot Misses the Net.
4:30 of 2nd period - Wrist shot by Josh Bailey.
4:30 of 2nd period - Shot Misses the Net.
4:32 of 2nd period - Wrist shot by Jason Akeson.
4:32 of 2nd period - Shot Misses the Net.
4:34 of 2nd period - Slapshot by Nick Leddy.
4:34 of 2nd period - Shot Misses the Net.
4:36 of 2nd period - Wrist shot by Jason Akeson.
4:36 of 2nd period - Deflect By Keith Yandle.
4:36 of 2nd period - Shot Misses the Net.
4:36 of 2nd period - Puck is out of play.
4:37 of 2nd period - Lars Eller wins face-off versus David Desharnais in Staline zone.
4:45 of 2nd period - Snap shot by Andy Andreoff.
4:45 of 2nd period - Goal by Andy Andreoff - Sasquatch : 2 - Staline : 2.
4:46 of 2nd period - David Desharnais wins face-off versus Lars Eller in neutral zone.
4:53 of 2nd period - Snap shot by Matt Pettinger.
4:53 of 2nd period - Shot Misses the Net.
5:13 of 2nd period - Corey Trivino is hit by Nick Leddy.
5:53 of 2nd period - Slapshot by Philip Larsen.
5:53 of 2nd period - Stopped by Corey Crawford without a rebound.
5:54 of 2nd period - David Desharnais wins face-off versus Drew Shore in Sasquatch zone.
5:57 of 2nd period - Slapshot by Keith Yandle.
5:57 of 2nd period - Shot Blocked by Yannick Weber.
5:59 of 2nd period - Wrist shot by Matt Pettinger.
5:59 of 2nd period - Shot Blocked by Yannick Weber.
6:49 of 2nd period - Snap shot by David Desharnais.
6:49 of 2nd period - Goal by David Desharnais - Sasquatch : 2 - Staline : 3.
6:50 of 2nd period - Nick Spaling wins face-off versus Josh Bailey in neutral zone.
6:50 of 2nd period - Cody Eakin is hit by Josh Bailey and loses puck.
7:17 of 2nd period - Nick Leddy is hit by Mark Fraser and loses puck.
8:45 of 2nd period - Slapshot by Corey Trivino.
8:45 of 2nd period - Stopped by Corey Crawford with a rebound.
8:47 of 2nd period - Wrist shot by Corey Trivino.
8:47 of 2nd period - Shot Blocked by Jonathan Blum.
10:43 of 2nd period - Snap shot by Bryan Bickell.
10:43 of 2nd period - Shot Blocked by Nick Leddy.
10:47 of 2nd period - Slapshot by Brandon Mashinter.
10:47 of 2nd period - Deflect By Bryan Bickell.
10:47 of 2nd period - Stopped by Corey Crawford with a rebound.
10:49 of 2nd period - Slapshot by Brandon Burlon.
10:49 of 2nd period - Shot Blocked by Nick Leddy.
10:59 of 2nd period - Slapshot by Nick Leddy.
10:59 of 2nd period - Shot Misses the Net.
12:00 of 2nd period - Slapshot by Stu Bickel.
12:00 of 2nd period - Stopped by Corey Crawford without a rebound.
12:01 of 2nd period - Drew Shore wins face-off versus Cody Eakin in Sasquatch zone.
12:01 of 2nd period - Drew Shore is hit by Nick Spaling.
12:09 of 2nd period - Wrist shot by Cody Eakin.
12:09 of 2nd period - Shot Misses the Net.
12:11 of 2nd period - Snap shot by Nick Spaling.
12:11 of 2nd period - Stopped by Corey Crawford without a rebound.
12:12 of 2nd period - Cody Eakin wins face-off versus Josh Bailey in Sasquatch zone.
12:46 of 2nd period - Slapshot by Jiri Tlusty.
12:46 of 2nd period - Shot Misses the Net.
13:03 of 2nd period - Mark Fraser is hit by Stephane Da Costa and loses puck.
13:16 of 2nd period - Linus Omark is hit by Mike Reilly and loses puck.
13:39 of 2nd period - Slapshot by Bryan Bickell.
13:39 of 2nd period - Stopped by Corey Crawford without a rebound.
13:40 of 2nd period - Brandon Mashinter wins face-off versus Lars Eller in Sasquatch zone.
13:40 of 2nd period - Keith Yandle is hit by Nick Leddy and loses puck.
14:01 of 2nd period - Slapshot by Keith Yandle.
14:01 of 2nd period - Shot Misses the Net.
14:03 of 2nd period - Slapshot by Mark Stone.
14:03 of 2nd period - Shot Misses the Net.
14:15 of 2nd period - Snap shot by Garnet Hathaway.
14:15 of 2nd period - Deflect By Lars Eller.
14:15 of 2nd period - Stopped by Allen York with a rebound.
14:17 of 2nd period - Slapshot by Andrej Sustr.
14:17 of 2nd period - Stopped by Allen York with a rebound.
14:18 of 2nd period - Minor Penalty to Nick Leddy for Hooking.
14:19 of 2nd period - David Desharnais wins face-off versus Teemu Hartikainen in Sasquatch zone.
14:29 of 2nd period - Icing by David Desharnais.
14:30 of 2nd period - Drew Shore wins face-off versus David Desharnais in Staline zone.
15:17 of 2nd period - Snap shot by David Desharnais.
15:17 of 2nd period - Stopped by Corey Crawford with a rebound.
15:19 of 2nd period - Snap shot by Keith Yandle.
15:19 of 2nd period - Stopped by Corey Crawford with a rebound.
15:21 of 2nd period - Slapshot by Keith Yandle.
15:21 of 2nd period - Stopped by Corey Crawford without a rebound.
15:22 of 2nd period - Drew Shore wins face-off versus Cody Eakin in Sasquatch zone.
15:22 of 2nd period - Drew Shore is hit by Cody Eakin.
16:18 of 2nd period - Penalty to Nick Leddy is over, Nick Leddy is back on ice.
16:50 of 2nd period - Slapshot by Mark Fraser.
16:50 of 2nd period - Shot Blocked by Kevin Connauton.
17:42 of 2nd period - Wrist shot by Matt Pettinger.
17:42 of 2nd period - Stopped by Corey Crawford without a rebound.
17:43 of 2nd period - David Desharnais wins face-off versus Josh Bailey in Sasquatch zone.
17:50 of 2nd period - Wrist shot by Jiri Tlusty.
17:50 of 2nd period - Shot Misses the Net.
17:54 of 2nd period - Slapshot by Matt Pettinger.
17:54 of 2nd period - Stopped by Corey Crawford without a rebound.
17:55 of 2nd period - Lars Eller wins face-off versus David Desharnais in Sasquatch zone.
18:20 of 2nd period - Nick Leddy is hit by Danny Kristo and loses puck.
18:33 of 2nd period - Slapshot by Linus Omark.
18:33 of 2nd period - Shot Blocked by Keith Yandle.
18:47 of 2nd period - Cody Eakin is hit by Teemu Hartikainen and loses puck.
19:21 of 2nd period - Icing by Drew Shore.
19:22 of 2nd period - Corey Trivino wins face-off versus Drew Shore in Sasquatch zone.
19:53 of 2nd period - Snap shot by Josh Bailey.
19:53 of 2nd period - Stopped by Allen York without a rebound.
19:54 of 2nd period - David Desharnais wins face-off versus Linus Omark in Staline zone.
Goals for this period are 1 for Sasquatch vs 1 for Staline.
Shots for this period are 7 for Sasquatch vs 17 for Staline.
3rd period
0:01 of 3rd period - David Desharnais wins face-off versus Josh Bailey in neutral zone.
0:03 of 3rd period - Off-side.
0:04 of 3rd period - David Desharnais wins face-off versus Josh Bailey in neutral zone.
0:16 of 3rd period - Nick Leddy is hit by David Desharnais and loses puck.
1:03 of 3rd period - Wrist shot by Lars Eller.
1:03 of 3rd period - Shot Misses the Net.
1:17 of 3rd period - Danny Kristo is hit by Teemu Hartikainen and loses puck.
2:04 of 3rd period - Wrist shot by Nick Spaling.
2:04 of 3rd period - Stopped by Corey Crawford with a rebound.
2:06 of 3rd period - Snap shot by Jordan Caron.
2:06 of 3rd period - Stopped by Corey Crawford without a rebound.
2:07 of 3rd period - David Desharnais wins face-off versus Stephane Da Costa in Sasquatch zone.
2:35 of 3rd period - Wrist shot by Nick Spaling.
2:35 of 3rd period - Shot Hit the Post.
2:37 of 3rd period - Wrist shot by Cody Eakin.
2:37 of 3rd period - Shot Blocked by Kevin Connauton.
2:39 of 3rd period - Backhand shot by Jordan Caron.
2:39 of 3rd period - Stopped by Corey Crawford without a rebound.
2:40 of 3rd period - Linus Omark wins face-off versus Cody Eakin in Sasquatch zone.
2:40 of 3rd period - Linus Omark is hit by Nick Spaling.
2:46 of 3rd period - Snap shot by Linus Omark.
2:46 of 3rd period - Stopped by Allen York without a rebound.
2:47 of 3rd period - Cody Eakin wins face-off versus Josh Bailey in Staline zone.
2:54 of 3rd period - Snap shot by Jason Akeson.
2:54 of 3rd period - Shot Misses the Net.
3:11 of 3rd period - Off-side.
3:12 of 3rd period - Lars Eller wins face-off versus David Desharnais in neutral zone.
3:19 of 3rd period - Snap shot by Lars Eller.
3:19 of 3rd period - Shot Misses the Net.
3:27 of 3rd period - Wrist shot by Jiri Tlusty.
3:27 of 3rd period - Shot Misses the Net.
3:47 of 3rd period - Slapshot by Keith Yandle.
3:47 of 3rd period - Stopped by Corey Crawford without a rebound.
3:48 of 3rd period - Jordan Caron wins face-off versus Josh Bailey in Sasquatch zone.
3:49 of 3rd period - Snap shot by Nick Spaling.
3:49 of 3rd period - Stopped by Corey Crawford with a rebound.
3:51 of 3rd period - Slapshot by Nick Spaling.
3:51 of 3rd period - Shot Misses the Net.
3:52 of 3rd period - Minor Penalty to Philip Larsen for Hooking.
3:53 of 3rd period - Lars Eller wins face-off versus Matt Pettinger in Staline zone.
4:04 of 3rd period - Snap shot by Jason Akeson.
4:04 of 3rd period - Goal by Jason Akeson - Sasquatch : 3 - Staline : 3.
4:05 of 3rd period - Josh Bailey wins face-off versus David Desharnais in neutral zone.
4:31 of 3rd period - Nick Leddy is hit by Keith Yandle.
5:10 of 3rd period - Wrist shot by Garnet Hathaway.
5:10 of 3rd period - Shot Blocked by Nick Spaling.
5:12 of 3rd period - Slapshot by Andy Andreoff.
5:12 of 3rd period - Shot Blocked by Mark Fraser.
6:04 of 3rd period - Wrist shot by Danny Kristo.
6:04 of 3rd period - Shot Hit the Post.
6:06 of 3rd period - Snap shot by Danny Kristo.
6:06 of 3rd period - Shot Misses the Net.
6:13 of 3rd period - Minor Penalty to Teemu Hartikainen for Roughing.
6:14 of 3rd period - Drew Shore wins face-off versus David Desharnais in Sasquatch zone.
6:30 of 3rd period - Slapshot by David Desharnais.
6:30 of 3rd period - Stopped by Corey Crawford without a rebound.
6:31 of 3rd period - Drew Shore wins face-off versus David Desharnais in Sasquatch zone.
6:37 of 3rd period - Icing by Stu Bickel.
6:38 of 3rd period - David Desharnais wins face-off versus Drew Shore in Staline zone.
6:53 of 3rd period - Wrist shot by Matt Pettinger.
6:53 of 3rd period - Goal by Matt Pettinger - Sasquatch : 3 - Staline : 4.
6:54 of 3rd period - Josh Bailey wins face-off versus David Desharnais in neutral zone.
7:48 of 3rd period - Off-side.
7:49 of 3rd period - Stephane Da Costa wins face-off versus Corey Trivino in neutral zone.
7:52 of 3rd period - Slapshot by Kevin Connauton.
7:52 of 3rd period - Deflect By James Sheppard.
7:52 of 3rd period - Stopped by Allen York with a rebound.
7:56 of 3rd period - Snap shot by Stephane Da Costa.
7:56 of 3rd period - Shot Blocked by Keith Yandle.
7:58 of 3rd period - Slapshot by Yannick Weber.
7:58 of 3rd period - Shot Misses the Net.
8:00 of 3rd period - Slapshot by Stephane Da Costa.
8:00 of 3rd period - Stopped by Allen York with a rebound.
8:02 of 3rd period - Slapshot by Yannick Weber.
8:02 of 3rd period - Stopped by Allen York with a rebound.
8:31 of 3rd period - Off-side.
8:32 of 3rd period - Josh Bailey wins face-off versus David Desharnais in neutral zone.
9:16 of 3rd period - Snap shot by Linus Omark.
9:16 of 3rd period - Stopped by Allen York with a rebound.
9:18 of 3rd period - Snap shot by Josh Bailey.
9:18 of 3rd period - Shot Misses the Net.
9:59 of 3rd period - Snap shot by Linus Omark.
9:59 of 3rd period - Shot Misses the Net.
10:56 of 3rd period - Slapshot by Corey Trivino.
10:56 of 3rd period - Shot Misses the Net.
10:58 of 3rd period - Wrist shot by Corey Trivino.
10:58 of 3rd period - Shot Blocked by Teemu Hartikainen.
11:00 of 3rd period - Slapshot by Mike Reilly.
11:00 of 3rd period - Shot Blocked by Jonathan Blum.
11:02 of 3rd period - Snap shot by James Sheppard.
11:02 of 3rd period - Stopped by Corey Crawford with a rebound.
11:12 of 3rd period - Wrist shot by David Desharnais.
11:12 of 3rd period - Shot Misses the Net.
11:36 of 3rd period - Off-side.
11:37 of 3rd period - Jordan Caron wins face-off versus Josh Bailey in neutral zone.
11:46 of 3rd period - Wrist shot by Jason Akeson.
11:46 of 3rd period - Stopped by Allen York without a rebound.
11:47 of 3rd period - Josh Bailey wins face-off versus Cody Eakin in Staline zone.
11:52 of 3rd period - Snap shot by Linus Omark.
11:52 of 3rd period - Shot Blocked by Jordan Caron.
11:54 of 3rd period - Slapshot by Nick Leddy.
11:54 of 3rd period - Stopped by Allen York with a rebound.
11:56 of 3rd period - Slapshot by Linus Omark.
11:56 of 3rd period - Goal by Linus Omark - Sasquatch : 4 - Staline : 4.
11:57 of 3rd period - Josh Bailey wins face-off versus David Desharnais in neutral zone.
12:12 of 3rd period - Snap shot by Josh Bailey.
12:12 of 3rd period - Deflect By David Desharnais.
12:12 of 3rd period - Shot Misses the Net.
12:12 of 3rd period - Puck is out of play.
12:13 of 3rd period - Lars Eller wins face-off versus Jordan Caron in Staline zone.
12:30 of 3rd period - Jordan Caron is hit by Garnet Hathaway and loses puck.
12:43 of 3rd period - Snap shot by Josh Bailey.
12:43 of 3rd period - Shot Misses the Net.
12:45 of 3rd period - Snap shot by Linus Omark.
12:45 of 3rd period - Shot Misses the Net.
12:47 of 3rd period - Slapshot by Nick Leddy.
12:47 of 3rd period - Deflect By David Desharnais.
12:47 of 3rd period - Stopped by Allen York without a rebound.
12:48 of 3rd period - David Desharnais wins face-off versus Josh Bailey in Staline zone.
12:48 of 3rd period - David Desharnais is hit by Jason Akeson.
13:02 of 3rd period - Wrist shot by Jiri Tlusty.
13:02 of 3rd period - Shot Misses the Net.
13:04 of 3rd period - Snap shot by David Desharnais.
13:04 of 3rd period - Shot Blocked by Josh Bailey.
13:06 of 3rd period - Slapshot by Jiri Tlusty.
13:06 of 3rd period - Shot Blocked by Linus Omark.
13:08 of 3rd period - Slapshot by Philip Larsen.
13:08 of 3rd period - Shot Blocked by James Wisniewski.
13:10 of 3rd period - Snap shot by David Desharnais.
13:10 of 3rd period - Shot Misses the Net.
13:12 of 3rd period - Slapshot by Mike Reilly.
13:12 of 3rd period - Shot Misses the Net.
13:14 of 3rd period - Wrist shot by Matt Pettinger.
13:14 of 3rd period - Shot Blocked by James Wisniewski.
13:16 of 3rd period - Slapshot by Brandon Burlon.
13:16 of 3rd period - Shot Blocked by Jonathan Blum.
13:18 of 3rd period - Snap shot by Matt Pettinger.
13:18 of 3rd period - Shot Misses the Net.
13:22 of 3rd period - Wrist shot by Matt Pettinger.
13:22 of 3rd period - Shot Misses the Net.
13:24 of 3rd period - Snap shot by Jiri Tlusty.
13:24 of 3rd period - Stopped by Corey Crawford without a rebound.
13:25 of 3rd period - Cody Eakin wins face-off versus Lars Eller in Sasquatch zone.
13:30 of 3rd period - Slapshot by Keith Yandle.
13:30 of 3rd period - Shot Blocked by Nick Leddy.
13:32 of 3rd period - Double Minor Penalty to Nick Leddy for Slashing.
13:33 of 3rd period - David Desharnais wins face-off versus Drew Shore in Sasquatch zone.
15:04 of 3rd period - Nick Spaling is hit by Kevin Connauton and loses puck.
15:35 of 3rd period - Andy Andreoff is hit by James Sheppard and loses puck.
16:51 of 3rd period - Snap shot by Mark Stone.
16:51 of 3rd period - Stopped by Corey Crawford without a rebound.
16:52 of 3rd period - Brandon Mashinter wins face-off versus Brock Trotter in Sasquatch zone.
16:57 of 3rd period - Wrist shot by Brandon Mashinter.
16:57 of 3rd period - Shot Misses the Net.
16:59 of 3rd period - Snap shot by Mark Stone.
16:59 of 3rd period - Stopped by Corey Crawford with a rebound.
17:32 of 3rd period - Penalty to Nick Leddy is over, Nick Leddy is back on ice.
17:58 of 3rd period - Snap shot by Lars Eller.
17:58 of 3rd period - Shot Misses the Net.
18:00 of 3rd period - Snap shot by Lars Eller.
18:00 of 3rd period - Shot Hit the Post.
18:02 of 3rd period - Slapshot by Yannick Weber.
18:02 of 3rd period - Shot Misses the Net.
18:12 of 3rd period - Slapshot by Mark Fraser.
18:12 of 3rd period - Shot Blocked by Jonathan Blum.
18:14 of 3rd period - Slapshot by Jordan Caron.
18:14 of 3rd period - Deflect By Jonathan Blum.
18:14 of 3rd period - Stopped by Corey Crawford with a rebound.
19:54 of 3rd period - Andrej Sustr is hit by Bryan Bickell and loses puck.
Goals for this period are 2 for Sasquatch vs 1 for Staline.
Shots for this period are 10 for Sasquatch vs 12 for Staline.
Overtime #1
0:01 of 1st overtime period - Josh Bailey wins face-off versus Jiri Tlusty in neutral zone.
0:26 of 1st overtime period - Josh Bailey is hit by Stu Bickel.
0:46 of 1st overtime period - Snap shot by Linus Omark.
0:46 of 1st overtime period - Shot Misses the Net.
0:52 of 1st overtime period - Snap shot by Stephane Da Costa.
0:52 of 1st overtime period - Stopped by Allen York without a rebound.
0:53 of 1st overtime period - Matt Pettinger wins face-off versus Josh Bailey in Staline zone.
2:58 of 1st overtime period - David Desharnais is hit by Stephane Da Costa and loses puck.
3:35 of 1st overtime period - Matt Pettinger is hit by James Wisniewski and loses puck.
4:27 of 1st overtime period - Kevin Connauton is hit by Mike Reilly and loses puck.
4:55 of 1st overtime period - Linus Omark is hit by Nick Spaling and loses puck.
Goals for this period are 0 for Sasquatch vs 0 for Staline.
Shots for this period are 1 for Sasquatch vs 0 for Staline.
ShootOut
5:00 of 1st overtime period - Penalty Shot by Linus Omark for Sasquatch.
5:00 of 1st overtime period - Deke by Linus Omark.
5:00 of 1st overtime period - Stopped by Allen York.
5:00 of 1st overtime period - Penalty Shot by Matt Pettinger for Staline.
5:00 of 1st overtime period - Snap shot by Matt Pettinger.
5:00 of 1st overtime period - Stopped by Corey Crawford.
5:00 of 1st overtime period - Penalty Shot by Lars Eller for Sasquatch.
5:00 of 1st overtime period - Deke by Lars Eller.
5:00 of 1st overtime period - Stopped by Allen York.
5:00 of 1st overtime period - Penalty Shot by Jiri Tlusty for Staline.
5:00 of 1st overtime period - Deke by Jiri Tlusty.
5:00 of 1st overtime period - Stopped by Corey Crawford.
5:00 of 1st overtime period - Penalty Shot by Jason Akeson for Sasquatch.
5:00 of 1st overtime period - Deke by Jason Akeson.
5:00 of 1st overtime period - Stopped by Allen York.
5:00 of 1st overtime period - Penalty Shot by Nick Spaling for Staline.
5:00 of 1st overtime period - Wrist shot by Nick Spaling.
5:00 of 1st overtime period - Stopped by Corey Crawford.
5:00 of 1st overtime period - Penalty Shot by Ryan Strome for Sasquatch.
5:00 of 1st overtime period - Backhand shot by Ryan Strome.
5:00 of 1st overtime period - Stopped by Allen York.
5:00 of 1st overtime period - Penalty Shot by David Desharnais for Staline.
5:00 of 1st overtime period - Backhand shot by David Desharnais.
5:00 of 1st overtime period - Shot Misses the Net.
5:00 of 1st overtime period - Penalty Shot by James Wisniewski for Sasquatch.
5:00 of 1st overtime period - Wrist shot by James Wisniewski.
5:00 of 1st overtime period - Goal by James Wisniewski.
5:00 of 1st overtime period - Penalty Shot by Cody Eakin for Staline.
5:00 of 1st overtime period - Snap shot by Cody Eakin.
5:00 of 1st overtime period - Stopped by Corey Crawford.
Back to the Top